 Seeded DCSS version 0.30-a0-965-g42e074c17a (webtiles) character file.

Game seed: 13137397067068997422 (custom seed)

331 mistaj the Trooper (level 6, -2/49 HPs)
             Began as a Demonspawn Fighter on Mar 30, 2023.
             Slain by Duvessa
             ... wielding a +0 short sword
              (9 damage)
             ... on level 4 of the Dungeon.
             The game lasted 00:03:50 (2624 turns).

mistaj the Trooper (Demonspawn Fighter)             Turns: 2624, Time: 00:03:51

Health: -2/49      AC: 10    Str: 18    XL:     6   Next: 26%
Magic:  6/6        EV:  9    Int: 10    God:
Gold:   156        SH:  5    Dex: 12    Spells: 5/5 levels left

rFire   + . .      SeeInvis .    l - +8 lance "Wyrmbane" {slay drac, rPois rF+ rC+ AC+3}
rCold   + . .      Faith    .    c - +0 buckler
rNeg    . . .      Spirit   .    b - +0 scale mail
rPois   +          Reflect  .    (no helmet)
rElec   .          Rampage  .    (no cloak)
rCorr   .                        (no gloves)
Will    .....                    i - +0 pair of boots Stlth
                                 (no amulet)
HPRegen 0.28/turn                (no ring)
MPRegen 0.20/turn                (no ring)

@: no status effects
A: magic regeneration, demonic magic 1
a: no special abilities


You were on level 4 of the Dungeon.
You visited 1 branch of the dungeon, and saw 4 of its levels.

You collected 156 gold pieces.

Inventory:

Hand Weapons
 e - a +1 heavy war axe
 l - the +8 lance "Wyrmbane" (weapon) {slay drac, rPois rF+ rC+ AC+3}
   (You acquired it on level 3 of the Dungeon)

   AC:        It affects your AC (+3).
   rF:        It protects you from fire.
   rC:        It protects you from cold.
   rPois:     It protects you from poison.
Armour
 b - a +0 scale mail (worn)
 c - a +0 buckler (worn)
 i - a +0 pair of boots (worn)
Jewellery
 o - an amulet of reflection
Scrolls
 g - 6 scrolls of identify {unknown}
 j - a scroll of vulnerability {unknown}
 k - a scroll of teleportation {unknown}
 m - 2 scrolls of magic mapping {unknown}
 n - a scroll of poison {unknown}
Potions
 a - 3 potions of curing {unknown}
 d - 2 potions of might
 f - 2 potions of mutation {unknown}
 h - a potion of cancellation {unknown}


   Skills:
 + Level 4.4 Fighting
 - Level 2.6(3.3) Axes
 * Level 3.0(3.5) Polearms
 - Level 2.6 Armour
 + Level 4.1 Shields


You had 5 spell levels left.
You didn't know any spells.
Your spell library contained the following spells:

 Spells                   Type           Power      Damage    Failure   Level
 Freeze                   Ice            0%         1d3       83%         1
 Frozen Ramparts          Ice            0%         1d1       99%         3
 Hailstorm                Conj/Ice       0%         3d3       99%         3
 Yara's Violent Unravell  Hex/Tmut       0%         3d3       100%        5
 Enfeeble                 Hex            0%         N/A       100%        7


Dungeon Overview and Level Annotations

Branches:
Dungeon (4/15)
 Temple: D:4-7

Altars:
Ashenzari
Wu Jian

Annotations:
D:4 Dowan, Duvessa


Innate Abilities, Weirdness & Mutations

You regenerate magic rapidly.
Spells you cast may paralyse adjacent enemies.


Message History

Dowan gestures wildly while chanting.
Dowan blinks!
Duvessa hits you with a +0 short sword. Dowan casts a spell at you.
The puff of flame hits you! You resist. Duvessa hits you with a +0 short sword.
Things that are here:
a +0 scythe; a +0 robe; the human corpse of Sigmund Dowan mumbles some strange words.
Dowan blinks!
Duvessa attacks as you move away!
Duvessa hits you with a +0 short sword. x2
You hit Duvessa.
Duvessa is moderately wounded.
You block Duvessa's attack.
Dowan points at you and mumbles some strange words.
You resist with significant effort.
You hit Duvessa.
Duvessa is moderately wounded.
Duvessa hits you with a +0 short sword.
* * * LOW HITPOINT WARNING * * *
You hit Duvessa.
Duvessa is moderately wounded.
Duvessa hits you with a +0 short sword.
* * * LOW HITPOINT WARNING * * *
Duvessa closely misses you.
You barely miss Duvessa.
Duvessa is moderately wounded.
Dowan gestures at you while chanting. The puff of frost hits you. You resist.
* * * LOW HITPOINT WARNING * * *
You block Duvessa's attack.
You hit Duvessa.
Duvessa is heavily wounded.
Duvessa completely misses you. Duvessa hits you with a +0 short sword.
* * * LOW HITPOINT WARNING * * *
You hit Duvessa.
Duvessa is heavily wounded.
Dowan seems less brilliant.
Duvessa says, "Where magic fails, the sword succeeds!"
Duvessa hits you with a +0 short sword!
You die...

#..... .... #.... #... #..)
######...# #..# #........ #..#
###........########..#
..'<..... ......†....#
###.....##########...#
....e..@e).#....<#.)<#
##########.#.#####..## #.#.#
#...#.# #.#.# #.#.# .
#.#.#####.#.### #.#............
#.............)
#########################.#....
#.........................#.###


You could see Duvessa (fast) and Dowan.

Vanquished Creatures
  Sigmund (D:4)
  Terence (D:3)
  An orc wizard (D:3)
  3 adders
  2 worms
  4 dart slugs
  7 orcs (D:3)
  6 bats
  6 endoplasms
  7 giant cockroaches
  5 goblins
  6 hobgoblins
  11 kobolds
  2 quokkas
  5 ball pythons
  A frilled lizard (D:2)
  3 rats (D:2)
71 creatures vanquished.

Vanquished Creatures (others)
  A demonic plant (D:3)
1 creature vanquished.

Grand Total: 72 creatures vanquished

Notes
Turn   | Place    | Note
-------+----------+-------------------------------------------
     0 | D:1      | mistaj the Demonspawn Fighter began the quest for the Orb.
     0 | D:1      | Reached XP level 1. HP: 18/18 MP: 1/1
   128 | D:1      | Identified a scroll of acquirement
   128 | D:1      | Acquired a +1 heavy war axe
   270 | D:1      | Gained mutation: Spells you cast may paralyse adjacent
                  | enemies. [demonic ancestry]
   270 | D:1      | Reached XP level 2. HP: 12/24 MP: 2/2
   881 | D:2      | Reached XP level 3. HP: 25/29 MP: 3/3
  1030 | D:2      | Found Xexamnid's Weapon Shoppe.
  1328 | D:3      | Acquired the +8 lance "Wyrmbane" {slay drac, rPois rF+ rC+
                  | AC+3}
  1328 | D:3      | Found the +8 lance "Wyrmbane" {slay drac, rPois rF+ rC+
                  | AC+3}
  1355 | D:3      | Reached XP level 4. HP: 37/37 MP: 4/4
  1433 | D:3      | Found a faded altar of an unknown god.
  1497 | D:3      | Found an ornate altar of the Wu Jian Council.
  1683 | D:3      | Reached skill level 1 in Polearms
  2110 | D:3      | Noticed Terence
  2116 | D:3      | Killed Terence
  2117 | D:3      | Gained mutation: You regenerate magic rapidly. [demonic
                  | ancestry]
  2117 | D:3      | Reached XP level 5. HP: 42/42 MP: 5/5
  2185 | D:3      | Found a broken altar of Ashenzari.
  2595 | D:4      | Noticed Duvessa
  2595 | D:4      | Noticed Sigmund
  2602 | D:4      | Noticed Dowan
  2614 | D:4      | Killed Sigmund
  2615 | D:4      | Reached XP level 6. HP: 38/49 MP: 6/6
  2624 | D:4      | Slain by Duvessa

Illustrated notes

Levels and vault maps discovered:
D:1:      dpeg_arrival_long_road, layout_basic
D:2:      layout_rooms, serial_shops, nicolae_shop_bloodbath_and_beyond
D:3:      layout_loops_corners, lemuel_round_altar,
          mainiacjoe_overflow_alcove_4, shapermc_ecumenical_altar_gd,
          minmay_misc_feat_roman, uniq_terence
D:4:      cheibrodos_old_hovel, layout_basic, kennysheep_mini,
          nicolae_gozag_cash_rules_everything_around_me, zin_statuary,
          uniq_eustachio, uniq_duvessa, uniq_blork_the_orc, uniq_sigmund

Skill      XL: |  1  2  3  4  5 |
---------------+----------------+-----
Axes           | 2 |  2.6
Shields        | 3 4 |  4.1
Polearms       | 1 3 |  3.0
Fighting       | 4 |  4.4
Armour         | |  2.6

Action                     |  1- 3 |  4- 6 || total
---------------------------+-------+-------++-------
  Melee: War axe           |    94 |       ||    94
         Lance             |     1 |    76 ||    77
    Use: Scroll            |     2 |       ||     2
 Armour: Scale mail        |    67 |    17 ||    84
  Dodge: Dodged            |    53 |    16 ||    69
  Block: Buckler           |    34 |     7 ||    41

Table legend: (Time is in decaauts)
 A = Elapsed time spent in this place.
 B = Non-inter-level travel time spent in this place.
 C = Inter-level travel time spent in this place.
 D = Time resting spent in this place.
 E = Time spent auto-exploring this place.
 F = Levels seen in this place.
 G = Mean time per level.
                   A        B        C        D        E       F      G
               +--------+--------+--------+--------+--------+-----+--------+
         Total |   2725 |   2628 |     97 |    272 |   1840 |   4 |  681.2 |
       Dungeon |   2725 |   2628 |     97 |    272 |   1840 |   4 |  681.2 |
               +--------+--------+--------+--------+--------+-----+--------+

Top non-repeatable levels by time:
     D:3: 1127 daAuts
     D:1: 920 daAuts
     D:2: 491 daAuts
     D:4: 186 daAuts
